 Dungeon Crawl Stone Soup version 0.18-a0-1293-g5a2c81a (webtiles) character file.

1680 Ratboiler the Nimble (level 9, -7/66 HPs)
             Began as an Octopode Wanderer on Feb 10, 2016.
             Was a Follower of Ashenzari.
             Mangled by an ice beast (12 damage)
             ... on level 7 of the Dungeon.
             The game lasted 00:18:23 (9057 turns).

Ratboiler the Nimble (Octopode Wanderer)            Turns: 9057, Time: 00:18:24

Health: -7/66      AC:  1    Str: 16    XL:     9   Next: 2%
Magic:  10/10      EV: 13    Int: 12    God:    Ashenzari [*.....]
Gold:   37         SH:  7    Dex: 12    Spells: 0 memorised, 10 levels left

rFire  . . .     SeeInvis .     a - +0 whip
rCold  . . .     Gourm    .     d - +0 shield
rNeg   . . .     Faith    +     (helmet restricted)
rPois  .         Spirit   .     j - amulet of faith
rElec  .         Dismiss  .     (no ring)
rCorr  .         Reflect  .     (no ring)
SustAt .         Harm     .     (no ring)
MR     .....                    (no ring)
Stlth  ++........               (no ring)
                                (no ring)
                                (no ring)
                                (no ring)

@: not resistant to hostile enchantments, unstealthy
A: almost no armour, amphibious, 8 rings, constrict 8, antennae 1, camouflage 1,
gelatinous body 1
a: Scrying, Renounce Religion


You were on level 7 of the Dungeon.
You worshipped Ashenzari.
Ashenzari was aware of your devotion.
You were hungry.

You visited 2 branches of the dungeon, and saw 8 of its levels.
You also visited: Sewer.

You collected 184 gold pieces.
You spent 147 gold pieces at shops.

Inventory:

Hand Weapons
 a - a +0 whip (weapon)
 b - a +0 hunting sling
 v - a +0 club
 w - a +0 mace
 C - a +0 flail
Missiles
 g - 92 stones
 k - 27 poisoned needles
 E - 39 sling bullets
 H - 4 poisoned tomahawks (quivered)
 N - 2 throwing nets
Armour
 d - a +0 shield (worn)
Jewellery
 j - an amulet of faith (around mantle)
Wands
 t - a wand of paralysis (10/24)
 L - a wand of paralysis (13/24)
 R - a wand of teleportation (5/9)
Scrolls
 i - 2 scrolls of remove curse
 q - a scroll of fear {unknown}
 x - a scroll of teleportation {unknown}
 y - 2 scrolls of magic mapping {unknown}
 z - 2 scrolls of random uselessness {unknown}
 A - 2 scrolls of immolation {unknown}
 F - 2 scrolls of recharging {unknown}
 I - a scroll of silence {unknown}
 K - 2 scrolls of fog {unknown}
 O - a scroll of blinking {unknown}
Potions
 e - a potion of ambrosia
 l - a potion of magic {unknown}
 m - 2 potions of curing
 o - 2 potions of might
 s - 2 potions of resistance {unknown}
 u - a potion of lignification
 B - a potion of brilliance {unknown}
 D - 3 potions of haste {unknown}
 G - a potion of agility {unknown}
 Q - a potion of cure mutation {unknown}
Books
 c - the Reference Book on Snow

   Spells                             Type                      Level
   a - Freeze                         Ice                          1
   b - Ensorcelled Hibernation        Hexes/Ice                    2
 n - Zanaiduw's Collected Works on Arcane Weapons

   Spells                             Type                      Level
   a - Magic Dart                     Conjuration                  1
   b - Throw Flame                    Conjuration/Fire             2
 J - a book of Changes

   Spells                             Type                      Level
   a - Beastly Appendage              Transmutation                1
   b - Sticks to Snakes               Transmutation                2
   c - Spider Form                    Transmutation/Poison         3
   d - Ice Form                       Ice/Transmutation            4
   e - Blade Hands                    Transmutation                5
 M - a book of Annihilations

   Spells                             Type                      Level
   a - Poison Arrow                   Conjuration/Poison           6
   b - Chain Lightning                Conjuration/Air              8
   c - Lehudib's Crystal Spear        Conjuration/Earth            8
   d - Glaciate                       Conjuration/Ice              9
   e - Fire Storm                     Conjuration/Fire             9
Comestibles
 f - 2 bread rations
 h - 2 royal jellies
 p - a beef jerky
 r - 3 chunks of flesh
 P - a slice of pizza


   Skills:
 - Level 7.9 Fighting
   Level 3.0 Bows
 + Level 8.0 Dodging
 - Level 1.0 Shields
 - Level 1.0 Spellcasting
   Level 2.0 Ice Magic
 - Level 1.1 Evocations


You had 10 spell levels left.
You didn't know any spells.

Dungeon Overview and Level Annotations

Branches:
Dungeon (7/15)             Temple (1/1) D:4

Altars:
Ashenzari
Dithmenos
Elyvilon
Fedhas
Gozag
Kikubaaqudgha
Makhleb
Okawaru
Pakellas
Qazlal
Ru
Sif Muna
Trog
Vehumet
Xom
Yredelemnul
Zin

Shops:
D:5 !

Annotations:
D:7 1 runed door


Innate Abilities, Weirdness & Mutations

You cannot wear most types of armour.
You are amphibious.
You can wear up to eight rings at the same time.
You can use your tentacles to constrict eight enemies at once.
Your skin changes colour to match your surroundings (Stealth).
Your rubbery body absorbs attacks (AC +1).
You have a pair of small antennae on your head.


Message History

You block the ice beast's attack.
You barely miss the ice beast. Your squeeze misses the ice beast.
The ice beast is almost dead.
You block the ice beast's attack. x2
You hit the ice beast but do no damage.
The ice beast is almost dead.
The ice beast hits you.
* * * LOW HITPOINT WARNING * * *
The ice beast freezes you.
* * * LOW HITPOINT WARNING * * *
There is a stone staircase leading up here.
You hit the ice beast.
The ice beast is almost dead.
You block the ice beast's attack.
You barely miss the ice beast.
The ice beast is almost dead.
The ice beast misses you. The ice beast hits you.
* * * LOW HITPOINT WARNING * * *
The ice beast freezes you!
You die...

#....#......##.#....##.##
#......###...#....#.....#
#.....###..........######
#....###............#
#....# #............#
#....# #............#
########...........##
........Y.##...##
.......@.#######
..........# ###########


You could see an ice beast.

Vanquished Creatures
  Grinder (D:4)
  A hippogriff (D:7)
  An ice beast (D:4)
  A phantom (D:5)
  A centaur (D:7)
  A giant frog (D:7)
  4 big kobolds (Sewer)
  2 scorpions
  A crimson imp (D:7)
  A hound (D:7)
  2 orc priests
  2 orc wizards (D:4)
  A giant frog skeleton (D:4)
  3 iguanas
  4 worker ants
  A hound skeleton (D:5)
  14 adders
  A shadow imp (D:5)
  2 oozes
  An adder zombie (D:5)
  An adder skeleton (D:7)
  5 worms
  5 giant geckos
  7 orcs
  A ball python (Sewer)
  6 bats
  4 giant cockroaches
  8 goblins
  5 hobgoblins
  8 jackals
  8 kobolds
  A giant gecko zombie (D:7)
  3 giant newts
  A kobold skeleton (D:7)
  22 rats
130 creatures vanquished.

Notes
Turn   | Place    | Note
--------------------------------------------------------------
     0 | D:1      | Ratboiler the Octopode Wanderer began the quest for the Orb.
     0 | D:1      | Ratboiler set off with: a +0 shield, Zanaiduw's Collected Works on Arcane Weapons, the Reference Book on Snow, a +0 club, a bread ration
     0 | D:1      | Reached XP level 1. HP: 14/14 MP: 2/2
     0 | D:1      | Identified Zanaiduw's Collected Works on Arcane Weapons
     0 | D:1      | Identified the Reference Book on Snow
   106 | D:1      | Reached XP level 2. HP: 9/20 MP: 3/3
   769 | D:1      | Reached XP level 3. HP: 26/26 MP: 4/4
  1536 | D:3      | Reached skill level 4 in Fighting
  1539 | D:3      | Paralysed by a hobgoblin for 3 turns
  2253 | D:3      | Reached XP level 4. HP: 25/33 MP: 5/5
  2403 | D:4      | Noticed an ice beast
  2523 | D:4      | Found a glowing drain.
  2530 | Sewer    | Entered a sewer
  2775 | Sewer    | Reached skill level 5 in Fighting
  2944 | Sewer    | Noticed a big kobold
  2960 | Sewer    | Killed a big kobold
  2960 | Sewer    | Reached XP level 5. HP: 33/40 MP: 6/6
  3010 | Sewer    | Noticed a big kobold
  3019 | Sewer    | Killed a big kobold
  3019 | Sewer    | Reached skill level 6 in Fighting
  3019 | Sewer    | Reached XP level 6. HP: 44/46 MP: 7/7
  3585 | Sewer    | Reached skill level 7 in Fighting
  3820 | Sewer    | Reached XP level 7. HP: 42/54 MP: 8/8
  4287 | D:3      | Reached skill level 1 in Dodging
  4552 | D:4      | Noticed Grinder
  4581 | D:4      | Killed Grinder
  4765 | D:4      | Reached XP level 8. HP: 57/61 MP: 9/9
  5170 | D:4      | Found a staircase to the Ecumenical Temple.
  5182 | Temple   | Entered the Ecumenical Temple
  5278 | Temple   | Became a worshipper of Ashenzari the Shackled
  5424 | D:5      | Entered Level 5 of the Dungeon
  5450 | D:5      | Reached skill level 5 in Dodging
  6375 | D:5      | Found a shadowy altar of Dithmenos.
  6410 | D:5      | HP: 3/61 [poisoned by a scorpion]
  6418 | D:5      | HP: 3/61 [poisoned by a scorpion]
  7288 | D:5      | Found Baesidu's Distillery.
  7294 | D:5      | Bought a potion of mutation for 35 gold pieces
  7294 | D:5      | Bought a potion of might for 56 gold pieces
  7294 | D:5      | Bought a potion of degeneration for 14 gold pieces
  7294 | D:5      | Bought a potion of lignification for 42 gold pieces
  7294 | D:5      | Gained mutation: You have a pair of small antennae on your head. [potion of mutation]
  7294 | D:5      | Gained mutation: You evolve. [potion of mutation]
  7294 | D:5      | Lost mutation: You evolve. [potion of mutation]
  7767 | D:6      | HP: 3/61 [gnoll sergeant/spear of piercing (2)]
  7795 | D:7      | Reached * piety under Ashenzari
  8356 | D:7      | Found a runed door.
  8369 | D:7      | Found a basalt altar of Yredelemnul.
  8952 | D:7      | Reached skill level 8 in Dodging
  8952 | D:7      | Reached XP level 9. HP: 51/66 MP: 10/10
  9057 | D:7      | Mangled by an ice beast

Vault maps used:
D:1:      onia_arrival_larder
D:2:      cheibriados_altar_wand_db, grunt_ministairs_13, fedhas_altar_4
D:3:      minmay_misc_feat_ornament
D:4:      minmay_temple_entry_poolview, gup_sewer_entry_bubbles, first_bread,
          uniq_grinder
D:5:      basic_altar, serial_shops, nicolae_shop_window_shopping, shop, shop
D:6:      serial_shops, kennysheep_mini_moat
D:7:      lemuel_coloured_pillars_altar, dk_yredelemnul_ordeal
Temple:   nicolae_temple_elliptical
Sewer:    sewer_co_tree

Action                   |  1- 3 |  4- 6 |  7- 9 || total
-------------------------+-------+-------+-------++-------
Melee: Club              |   100 |       |       ||   100
       Mace              |     3 |       |       ||     3
       Flail             |     2 |    91 |    45 ||   138
       Whip              |       |       |   162 ||   162
Throw: Tomahawk          |       |       |     3 ||     3
  Use: Scroll            |       |     2 |     2 ||     4
       Potion            |       |       |     6 ||     6
 Stab: Sleeping          |     9 |     9 |     6 ||    24
  Eat: Beef jerky        |     2 |       |       ||     2
       Pizza             |     1 |       |       ||     1
       Meat ration       |       |     1 |     1 ||     2
       Bread ration      |       |       |     2 ||     2
       Chunk             |       |       |     2 ||     2
